 Dungeon Crawl Stone Soup version 0.20-a0-303-g575bbf7 (webtiles) character file.

247946 PurpleRed the Severer (level 18, -7/149 HPs)
             Began as a Demonspawn Abyssal Knight on Dec 16, 2016.
             Was a Believer of Kikubaaqudgha.
             Killed by divine providence
             ... invoked by a sphinx
              (14 damage)
             ... on level 2 of the Vaults.
             The game lasted 02:19:17 (43988 turns).

PurpleRed the Severer (Demonspawn Abyssal Knight)  Turns: 43988, Time: 02:19:17

Health: -7/149     AC: 24    Str: 27    XL:     18   Next: 83%
Magic:  0/42       EV: 27    Int: 13    God:    Kikubaaqudgha [**....]
Gold:   613        SH:  0    Dex: 21    Spells: 19/22 levels left

rFire  + + .     SeeInvis .     a - +6 battleaxe "Nourir" {freeze, rF+ rN+}
rCold  + . .     Gourm    .     V - +8 ring mail of a volcano {rF+ rC+}
rNeg   + . .     Faith    .     (shield currently unavailable)
rPois  +         Spirit   +     j - +1 hat {MR+}
rElec  .         Reflect  .     w - +2 cloak {MR+}
rCorr  .         Harm     .     (gloves unavailable)
MR     +++++                    d - +2 pair of boots "Seullumi" {MR++ Stlth+}
Stlth  ++........               K - amulet "Iregemes" {Spirit *Corrode rPois MP+9 Str+9}
                                N - +5 ring of dexterity
                                C - ring of magical power

@: studying Armour
A: claws 3, repulsion field 2, demonic guardian 2, spiny 2
}: 2/15 runes: decaying, serpentine
a: Receive Corpses, Renounce Religion


You were on level 2 of the Vaults.
You worshipped Kikubaaqudgha.
Kikubaaqudgha was pleased with you.
You were not hungry.

You visited 7 branches of the dungeon, and saw 34 of its levels.
You visited the Abyss 1 time.
You also visited: Bailey.

You collected 3224 gold pieces.
You spent 2611 gold pieces at shops.

Inventory:

Hand Weapons
 a - the +6 battleaxe "Nourir" (weapon) {freeze, rF+ rN+}
   (You found it on level 1 of the Vaults)

   It has been specially enchanted to freeze those struck by it, causing extra
   injury to most foes and up to half again as much damage against particularly
   susceptible opponents.
   It can also slow down cold-blooded creatures.
   It protects you from fire.
   It protects you from negative energy.
 b - a +0 broad axe of flaming
 z - the +9 staff of Wucad Mu {channel}
   (You found it on level 1 of the Snake Pit)
 M - a cursed -1 battleaxe
Missiles
 k - 3 throwing nets (quivered)
Armour
 d - the +2 pair of boots "Seullumi" (worn) {MR++ Stlth+}
   (You bought it in a shop on level 1 of the Vaults)

   It affects your resistance to hostile enchantments.
   It makes you more stealthy.
 j - a +1 hat of magic resistance (worn)
 m - a +2 pair of boots of running
 n - a +1 plate armour of fire resistance
 w - a +2 cloak of magic resistance (worn)
 V - the +8 ring mail of a volcano (worn) {rF+ rC+}
   (You found it on level 10 of the Dungeon)

   It protects you from fire.
   It protects you from cold.
Rods
 Z - a +1 rod of shadows (14/14)
   (You found it on level 8 of the Dungeon)
Jewellery
 f - an uncursed ring of protection from cold
 C - a ring of magical power (left claw)
 F - an uncursed ring of protection from fire
 H - an uncursed ring of positive energy
 K - the amulet "Iregemes" (around neck) {Spirit *Corrode rPois MP+9 Str+9}
   (You bought it in a shop on level 6 of the Dungeon)

   [amulet of guardian spirit]

   It causes incoming damage to be split between your health and magic.
   It affects your strength (+9).
   It protects you from poison.
   It affects your magic capacity (+9).
   It may corrode you when you take damage.
 N - a +5 ring of dexterity (right claw)
Wands
 B - a wand of lightning (5/15)
 T - a wand of teleportation (4/9)
 U - a wand of iceblast (3/15)
 X - a wand of digging (3/24)
 Y - a wand of acid (7/15)
Scrolls
 o - 3 scrolls of immolation
 r - 4 scrolls of amnesia
 s - 7 scrolls of blinking
 y - 5 scrolls of fear
 A - 9 scrolls of remove curse
 E - 3 scrolls of enchant weapon
 J - 3 scrolls of recharging
 L - 8 scrolls of teleportation
 P - 13 scrolls of identify
 S - 2 scrolls of fog
Potions
 e - 3 potions of haste
 g - 8 potions of curing
 h - 4 potions of resistance
 i - 5 potions of might
 p - a potion of ambrosia
 q - a potion of agility
 t - a potion of berserk rage
 u - 13 potions of heal wounds
 D - 2 potions of lignification
 G - a potion of invisibility
 I - a potion of flight
 Q - 3 potions of brilliance
 R - a potion of magic
 W - 2 potions of cure mutation
Books
 l - a manual of
Armour
 x - Kikubaaqudgha's Compendium of Evil
   (Kikubaaqudgha gifted it to you on level 1 of the Vaults)

   Spells                             Type                      Level
   a - Animate Skeleton               Necromancy                   1
   b - Corpse Rot                     Necromancy                   2
   c - Sublimation of Blood           Necromancy                   2
   d - Regeneration                   Charms/Necromancy            3
   e - Control Undead                 Necromancy                   4
Comestibles
 c - 10 bread rations
 v - 20 meat rations
 O - 11 chunks of flesh


   Skills:
 - Level 15.3 Fighting
 - Level 20.0 Axes
 + Level 14.4 Armour
 - Level 14.2 Dodging
 + Level 2.6 Spellcasting
 * Level 4.4 Necromancy
   Level 9.2 Invocations


You had 19 spell levels left.
You knew the following spells:

 Your Spells              Type           Power        Failure   Level  Hunger
a - Regeneration          Chrm/Necr      #.........   43%         3    ###....


Dungeon Overview and Level Annotations

Branches:
Dungeon (15/15)            Temple (1/1) D:5            Lair (6/6) D:11
  Swamp (4/4) Lair:3        Snake (4/4) Lair:2        Slime (0/5) Lair:5
    Orc (2/2) D:10            Elf (0/3) Orc:2        Vaults (2/5) D:14
 Depths (0/5) D:15
  Crypt: Vaults:2-3

Altars:
Ashenzari
Cheibriados
Dithmenos
Elyvilon
Fedhas
Gozag
Hepliaklqana
Kikubaaqudgha
Makhleb
Nemelex Xobeh
Okawaru
Qazlal
Ru
Sif Muna
Trog
Uskayaw
Vehumet
Xom
Yredelemnul
Zin
The Shining One
Beogh

Shops:
D:5 %*   D:6 *   D:8 !   D:9 *   D:10 ?   D:12 :([[=   D:13 [   Orc:2 ([%*
Snake:1 *}([(   Vaults:1 %*[

Portals:
Trove: D:13 (give 14 scrolls of teleportation)

Annotations:
Lair:1 exclusion: 2 oklob plants
Swamp:4 corrupted


Innate Abilities, Weirdness & Mutations

You have claws for hands.
You are surrounded by a moderate repulsion field. (EV +3)
A demonic guardian rushes to your aid.
You are mostly covered in sharp spines.


Message History

Your sixfirhy hits the ettin.
Your sixfirhy shocks the ettin!
The ettin dies!
Kikubaaqudgha accepts your kill.
The deep elf knight barely misses your sixfirhy.
Your sixfirhy hits the deep elf knight!
Your sixfirhy shocks the deep elf knight!
The ettin hits your sixfirhy with a dire flail of protection!
The ettin hits your sixfirhy with a dire flail!
You see here a large rock.
Your sixfirhy hits the deep elf knight.
Your sixfirhy shocks the deep elf knight!
Your sixfirhy hits the deep elf knight!
Your sixfirhy shocks the deep elf knight!
The deep elf knight dies!
Kikubaaqudgha accepts your kill.
Your sixfirhy hits the ettin but does no damage.
The sphinx mumbles some strange words.
Something smites you!
You die...
Kikubaaqudgha rasps: "You have failed me!
Welcome... death!"

. .. #...
#######c..#.
#...#CZe....
+..(3)Hy.g..
###@####...#.
#...)# ...
+....# .
#....#
######'##
#......#
#......#
#......#
#...<..#


You could see a sphinx, an ettin, a deep elf knight, a yaktaur, a queen bee, a
boggart, an ironheart preserver simulacrum and a friendly sixfirhy.

Vanquished Creatures
  3 thorn hunters
  17 nagarajas
  A fire giant (Vaults:1)
  2 vault wardens (Vaults:1)
  An orc warlord (Orc:2)
  3 stone giants
  6 ironheart preservers
  3 very ugly things (Vaults:1)
  A starcursed mass (Vaults:1)
  A mummy priest (D:14)
  A fire dragon (Vaults:1)
  A vault guard (Vaults:1)
  A great orb of eyes (Vaults:1)
  A yaktaur captain (Vaults:1)
  18 naga warriors
  A rakshasa (D:15)
  A ghost crab (Swamp:3)
  17 hydras
  6 anacondas
  Erica (D:8)
  14 two-headed ogres
  3 catoblepae
  6 centaur warriors
  2 dancing weapons (D:14)
  2 alligators (Swamp:4)
  2 tengu warriors (D:15)
  5 ogre magi (Vaults:1)
  8 death yaks (Lair:6)
  An orc high priest (Orc:2)
  4 shock serpents
  16 naga sharpshooters
  Sonja (D:11)
  A hell knight (D:15)
  A shadow wraith (Vaults:1)
  A skeletal warrior (D:14)
  An unseen horror (shapeshifter) (Vaults:1)
  A spriggan druid (Swamp:4)
  5 naga ritualists
  2 salamander mystics
  8 swamp dragons
  A glowing orange brain (Vaults:1)
  2 unseen horrors
  A lindwurm (Orc:1)
  8 orc knights
  6 ironbrand convokers
  2 shambling mangroves
  4 mana vipers
  A harpy (Vaults:2)
  4 ugly things (Vaults:1)
  2 orc sorcerers (Orc:2)
  2 wolf spiders (Vaults:1)
  3 deep elf magi
  6 cyclopes
  A wolf spider zombie (D:13)
  10 salamanders
  A manticore (Lair:6)
  4 vault sentinels
  15 naga magi
  39 black mambas
  A torpor snail (Lair:3)
  8 guardian serpents
  2 gargoyles
  10 spiny frogs
  A rime drake (Lair:1)
  A komodo dragon (shapeshifter) (D:14)
  A kobold demonologist (D:15)
  An efreet (D:11)
  4 komodo dragons
  A freezing wraith (Vaults:2)
  4 yaktaurs
  5 guardian mummies (D:14)
  6 trolls
  5 tyrant leeches
  17 slime creatures
  10 hippogriffs
  8 hornets
  A slime creature (shapeshifter) (Vaults:1)
  6 bog bodies
  3 blink frogs (Lair:6)
  3 spriggans
  A centaur simulacrum (D:15)
  47 yaks
  5 wyverns
  5 hogs
  4 shadows
  2 basilisks
  4 wraiths
  A steam dragon (D:9)
  A hungry ghost (D:14)
  17 vampire mosquitoes
  2 soldier ants
  19 swamp worms
  3 insubstantial wisps (Swamp:3)
  71 nagas
  4 wargs
  Menkaure (D:14)
  2 acid dragons
  17 water moccasins
  A naga (shapeshifter) (Vaults:1)
  6 porcupines
  7 sky beasts
  9 swamp drakes
  A sky beast (shapeshifter) (Vaults:1)
  3 ice beasts
  43 orc warriors
  3 phantoms
  10 necrophages
  13 ogres
  A boggart (Vaults:1)
  10 wolves
  14 centaurs
  14 crocodiles
  2 big kobolds
  16 bullfrogs
  A wyvern zombie (D:14)
  A gnoll sergeant (D:5)
  A wyvern skeleton (D:14)
  A small abomination (Vaults:1)
  2 scorpions
  13 killer bees
  3 howler monkeys
  4 crimson imps
  A bullfrog zombie (D:5)
  3 centaur zombies
  4 hounds
  4 jellies
  16 orc priests
  5 centaur skeletons
  22 orc wizards
  3 bullfrog skeletons
  Jessica (D:3)
  2 iguanas
  Terence (D:2)
  17 worker ants
  A hound zombie (D:11)
  3 hound skeletons
  2 mummies (D:14)
  A howler monkey zombie (D:10)
  A worker ant zombie (D:9)
  Robin (D:3)
  A howler monkey skeleton (D:7)
  15 gnolls
  13 adders
  3 shadow imps
  2 oozes (Lair:5)
  An adder skeleton (D:5)
  2 worms
  2 dart slugs
  4 leopard geckos
  118 orcs
  5 giant cockroaches
  18 goblins
  7 hobgoblins
  2 jackals (D:3)
  5 quokkas
  6 ball pythons
  6 bats
  4 frilled lizards
  26 kobolds
  A leopard gecko skeleton (D:4)
  4 rats
  3 briar patches (Swamp:2)
  5 fungi
  5 plants
1111 creatures vanquished.

Vanquished Creatures (collateral kills)
  Kirke (D:14)
  3 nagarajas (Snake:4)
  A vault warden (Vaults:1)
  Aizul (Snake:1)
  An ettin (Vaults:2)
  Erolcha (Orc:2)
  7 hydras
  An ice dragon (Swamp:3)
  A naga warrior (Snake:4)
  A catoblepas (Lair:6)
  A death knight (D:14)
  3 two-headed ogres
  8 death yaks
  A naga sharpshooter (Snake:4)
  A deep elf knight (Vaults:2)
  The ghost of wearedevo the Arsonist, a novice GrFE (D:8)
  A spriggan (Swamp:3)
  A deep elf archer (D:15)
  An ironbrand convoker (Vaults:1)
  A phantasmal warrior (D:14)
  A naga ritualist (Snake:1)
  An orc knight (Bailey)
  6 ugly things
  An orc sorcerer (Orc:2)
  A cyclops (D:13)
  2 manticores
  A vault sentinel (Vaults:1)
  3 naga magi
  A guardian serpent (Snake:2)
  4 black mambas
  3 spiny frogs
  A rime drake (Lair:6)
  A tyrant leech (Swamp:1)
  A polar bear (Lair:6)
  A hornet (Swamp:3)
  A hippogriff (D:12)
  A slime creature (Swamp:2)
  2 hogs (D:7)
  Eustachio (D:4)
  24 yaks
  A basilisk (Lair:2)
  A human (D:7)
  12 nagas
  A soldier ant (D:13)
  A swamp worm (shapeshifter) (D:15)
  An acid dragon (D:11)
  3 water moccasins (Lair:2)
  A porcupine (D:11)
  A swamp drake (Swamp:4)
  7 orc warriors
  A black bear (D:11)
  A wolf (Lair:3)
  A crocodile (D:8)
  A big kobold (D:11)
  2 centaur skeletons (D:8)
  An iguana (D:11)
  A shadow imp (D:14)
  5 orcs
  A goblin (D:8)
  2 kobolds (D:11)
  2 briar patches (Swamp:2)
  A plant (Lair:3)
142 creatures vanquished.

Vanquished Creatures (others)
  the Lernaean hydra (Swamp:4)
  2 swamp dragons (Swamp:4)
  A troll (D:9)
  An orc (D:11)
  A fire vortex (Lair:6)
  7 fungi
  2 plants (Lair:2)
15 creatures vanquished.

Grand Total: 1268 creatures vanquished

Notes
Turn   | Place    | Note
-------+----------+-------------------------------------------
     0 | Abyss:1  | PurpleRed the Demonspawn Abyssal Knight began the quest for the Orb.
     0 | Abyss:1  | Reached XP level 1. HP: 18/18 MP: 2/2
   138 | Abyss:1  | Noticed a large abomination
   154 | Abyss:1  | Noticed a ynoxinul
   168 | D:1      | Escaped the Abyss
   207 | D:1      | Reached skill level 2 in Axes
   537 | D:1      | Reached * piety under Lugonu
   539 | D:1      | Gained mutation: You are surrounded by a mild repulsion field. (EV +2) [demonic ancestry]
   539 | D:1      | Reached XP level 2. HP: 23/24 MP: 3/3
  1110 | D:2      | Noticed Terence
  1232 | D:2      | Gained mutation: You have sharp fingernails. [demonic ancestry]
  1232 | D:2      | Reached XP level 3. HP: 22/29 MP: 4/4
  1356 | D:2      | Reached skill level 3 in Axes
  1729 | D:2      | Reached XP level 4. HP: 33/37 MP: 5/5
  2027 | D:2      | Killed Terence
  2027 | D:2      | Reached skill level 4 in Axes
  2027 | D:2      | Gained mutation: A weak demonic guardian rushes to your aid. [demonic ancestry]
  2027 | D:2      | Reached XP level 5. HP: 38/42 MP: 6/6
  2484 | D:3      | Found a faded altar of an unknown god.
  2519 | D:3      | Reached ** piety under Lugonu
  2520 | D:3      | Noticed Robin
  2558 | D:3      | Killed Robin
  2857 | D:3      | Noticed Jessica
  2864 | D:3      | Killed Jessica
  3594 | D:4      | Reached XP level 6. HP: 12/49 MP: 7/7
  4119 | D:4      | Reached skill level 5 in Axes
  4354 | D:4      | Reached *** piety under Lugonu
  4572 | D:4      | Reached skill level 5 in Fighting
  4907 | D:5      | Entered Level 5 of the Dungeon
  4945 | D:5      | Reached XP level 7. HP: 48/56 MP: 8/8
  5131 | D:5      | Found an opulent altar of Gozag.
  5133 | D:5      | Found Gozag's Platinum Reserve.
  5196 | D:5      | Reached skill level 6 in Axes
  5444 | D:5      | Found Xor Oza's Food Shop.
  5489 | D:5      | Found a staircase to the Ecumenical Temple.
  5500 | Temple   | Entered the Ecumenical Temple
  6609 | D:6      | Noticed Eustachio
  6873 | D:4      | Killed Eustachio
  6873 | D:4      | Reached skill level 7 in Axes
  6873 | D:4      | Gained mutation: A demonic guardian rushes to your aid. [demonic ancestry]
  6873 | D:4      | Reached XP level 8. HP: 35/62 MP: 9/9
  7504 | D:6      | Reached skill level 8 in Axes
  7535 | D:6      | Found Suotim's Assorted Antiques.
  7551 | D:6      | Reached skill level 1 in Dodging
  7562 | D:6      | Bought a steaming steel amulet for 130 gold pieces
  7562 | D:6      | Bought a scroll labeled TAGYUJ LACI for 26 gold pieces
  7562 | D:6      | Bought a scroll labeled QOUCUSE ZANOCESM for 26 gold pieces
  8247 | D:7      | Identified the amulet "Iregemes" {Spirit *Corrode rPois MP+9 Str+9} (You bought it in a shop on level 6 of the Dungeon)
  8412 | D:7      | Reached skill level 9 in Axes
  8425 | D:7      | Reached XP level 9. HP: 60/68 MP: 10/10
  8710 | D:7      | Reached **** piety under Lugonu
  9243 | D:7      | Reached skill level 10 in Axes
  9364 | D:8      | Found a flagged portal.
  9388 | D:8      | Noticed wearedevo's ghost (novice GrFE)
  9398 | D:8      | Killed wearedevo's ghost
  9408 | Bailey   | Entered a bailey
 10363 | Bailey   | Noticed an orc knight
 10405 | Bailey   | Killed an orc knight
 10405 | Bailey   | Reached XP level 10. HP: 74/74 MP: 12/12
 10441 | Bailey   | Reached skill level 11 in Axes
 10603 | D:8      | Found an iron altar of Okawaru.
 10715 | D:8      | Noticed Erica
 10737 | D:8      | Killed Erica
 10972 | D:8      | Reached skill level 5 in Invocations
 11097 | D:8      | Reached ***** piety under Lugonu
 11233 | D:8      | Found Pec Gangi's Distillery.
 11236 | D:8      | Bought 2 potions of curing for 60 gold pieces
 11236 | D:8      | Bought a potion of heal wounds for 50 gold pieces
 11283 | D:8      | Identified a +1 rod of shadows (14/14) (You found it on level 8 of the Dungeon)
 11315 | D:8      | Noticed a two-headed ogre
 11319 | D:8      | Killed a two-headed ogre
 11320 | D:8      | Noticed a two-headed ogre
 11324 | D:8      | Killed a two-headed ogre
 11324 | D:8      | Reached skill level 12 in Axes
 11741 | D:9      | Found a burning altar of Makhleb.
 11912 | D:9      | Reached skill level 5 in Armour
 12159 | D:9      | Found Rabae's General Store.
 12162 | D:9      | Bought 2 scrolls of identify for 44 gold pieces
 12559 | D:10     | Entered Level 10 of the Dungeon
 12645 | D:10     | Reached XP level 11. HP: 78/78 MP: 15/15
 13102 | D:10     | Got a slimy ring mail
 13118 | D:10     | Found Liraafud's Magic Scroll Shoppe.
 13186 | D:10     | Found a staircase to the Orcish Mines.
 13816 | D:10     | Reached skill level 13 in Axes
 14435 | D:11     | Noticed a white ugly thing
 14443 | D:11     | Killed a white ugly thing
 14527 | D:11     | Noticed Sonja
 14549 | D:11     | Killed Sonja
 15011 | D:11     | Noticed a two-headed ogre
 15016 | D:11     | Noticed a four-headed hydra
 15021 | D:11     | Killed a two-headed ogre
 15023 | D:11     | Killed a five-headed hydra
 15023 | D:11     | Reached skill level 14 in Axes
 15115 | D:11     | Found a staircase to the Lair.
 15395 | D:12     | Found Cuiqi's Book Shop.
 15441 | D:12     | Noticed a deep elf mage
 15449 | D:12     | Killed a deep elf mage
 15648 | D:12     | Identified the +8 ring mail of a volcano {rF+ rC+} (You found it on level 10 of the Dungeon)
 15744 | D:12     | Reached XP level 12. HP: 84/84 MP: 16/16
 15766 | D:12     | Found Haveaw's Antique Weapon Boutique.
 15770 | D:12     | Found Yzynan's Antique Armour Boutique.
 15776 | D:12     | Bought a scorched broad axe for 225 gold pieces
 15780 | D:12     | Identified the +1 broad axe of the Known World {chop, *Contam rC+ Str+3 Int+3} (You bought it in a shop on level 12 of the Dungeon)
 15789 | D:12     | Reached ****** piety under Lugonu
 15880 | D:12     | Found Irhit's Armour Shoppe.
 15883 | D:12     | Noticed a two-headed ogre
 15891 | D:12     | Killed a two-headed ogre
 15950 | D:12     | Found Eblomos's Jewellery Boutique.
 16257 | D:13     | Reached skill level 10 in Armour
 16560 | D:13     | Noticed a two-headed ogre
 16571 | D:13     | Killed a two-headed ogre
 16753 | D:13     | Found Evi Afrum's Armour Boutique.
 16767 | D:13     | Noticed a two-headed ogre
 16772 | D:13     | Killed a two-headed ogre
 16772 | D:13     | Reached skill level 15 in Axes
 16793 | D:13     | Found a portal to a secret trove of treasure.
 16929 | D:13     | Found a basalt altar of Yredelemnul.
 16969 | D:13     | Noticed a two-headed ogre
 16976 | D:13     | Killed a two-headed ogre
 17160 | D:14     | Noticed a death knight
 17226 | D:14     | Killed a death knight
 17586 | Lair:1   | Entered Level 1 of the Lair of Beasts
 17808 | Lair:1   | Got a twisted arbalest
 17826 | Lair:1   | Reached skill level 5 in Dodging
 18376 | Lair:1   | Gained mutation: You are surrounded by a moderate repulsion field. (EV +3) [demonic ancestry]
 18376 | Lair:1   | Reached XP level 13. HP: 72/90 MP: 17/17
 18866 | Lair:2   | Found a staircase to the Snake Pit.
 19309 | Lair:2   | Reached skill level 16 in Axes
 20251 | Lair:3   | Found a staircase to the Swamp.
 21788 | Lair:5   | Found a staircase to the Slime Pits.
 22524 | Lair:6   | Entered Level 6 of the Lair of Beasts
 22534 | Lair:6   | Found a basalt altar of Yredelemnul.
 22837 | Lair:6   | Gained mutation: You have very sharp fingernails. [demonic ancestry]
 22837 | Lair:6   | Reached XP level 14. HP: 104/104 MP: 18/18
 24014 | Orc:1    | Entered Level 1 of the Orcish Mines
 24616 | Orc:2    | Entered Level 2 of the Orcish Mines
 24663 | Orc:2    | Noticed Erolcha
 24672 | Orc:2    | Killed Erolcha
 24735 | Orc:2    | Found a staircase to the Elven Halls.
 25041 | Orc:1    | Noticed a stone giant
 25050 | Orc:1    | Killed a stone giant
 25523 | Orc:2    | Reached skill level 17 in Axes
 25530 | Orc:2    | Found a roughly hewn altar of Beogh.
 25591 | Orc:2    | Found a roughly hewn altar of Beogh.
 25733 | Orc:2    | Reached skill level 10 in Fighting
 25750 | Orc:2    | Found a roughly hewn altar of Beogh.
 25751 | Orc:2    | Found Ditefis's Assorted Antiques.
 25811 | Orc:2    | Found a roughly hewn altar of Beogh.
 25862 | Orc:2    | Found a roughly hewn altar of Beogh.
 25903 | Orc:2    | Found a roughly hewn altar of Beogh.
 25922 | Orc:2    | Found Nenoox's Food Boutique.
 25973 | Orc:2    | Noticed an orc warlord
 26027 | Orc:2    | Killed an orc warlord
 26103 | Orc:2    | Identified the +7 arbalest "Iwoefa" {flame, Str+2 Int-3 Dex+7} (You found it on level 1 of the Lair of Beasts)
 26104 | Orc:2    | Identified a -2 rod of clouds (11/11) (You found it on level 6 of the Lair of Beasts)
 26123 | Orc:2    | Gained mutation: You are clumsy. (Dex -2) [mutagenic glow]
 26124 | Orc:2    | Lost mutation: You are clumsy. (Dex -2) [potion of cure mutation]
 26552 | Orc:2    | Found Zetila's Antique Weapon Boutique.
 26552 | Orc:2    | Paralysed by an orc sorcerer for 7 turns
 26561 | Orc:2    | Found a roughly hewn altar of Beogh.
 26565 | Orc:2    | Found Odit's Antique Armour Shop.
 26870 | Orc:2    | Found a roughly hewn altar of Beogh.
 26941 | Orc:2    | Bought a pair of embroidered boots for 399 gold pieces
 26946 | Orc:2    | Identified a +2 pair of boots of running (You bought it in a shop on level 2 of the Orcish Mines)
 27155 | D:12     | Bought an agate-encrusted plate armour for 980 gold pieces
 27165 | D:12     | Identified the cursed +1 plate armour of the Snake Pit {rPois rC- Str+3} (You bought it in a shop on level 12 of the Dungeon)
 27300 | Swamp:1  | Entered Level 1 of the Swamp
 28552 | Swamp:2  | Gained mutation: You are partially covered in sharp spines. [demonic ancestry]
 28552 | Swamp:2  | Reached XP level 15. HP: 96/117 MP: 20/20
 28554 | Swamp:2  | Noticed a thorn hunter
 28566 | Swamp:2  | Killed a thorn hunter
 29233 | Swamp:2  | You fall through a shaft!
 30637 | Swamp:4  | Entered Level 4 of the Swamp
 30793 | Swamp:4  | Noticed a thorn hunter
 30806 | Swamp:4  | Killed a thorn hunter
 31136 | Swamp:4  | Noticed a thorn hunter
 31139 | Swamp:4  | Reached skill level 18 in Axes
 31149 | Swamp:4  | Killed a thorn hunter
 31263 | Swamp:4  | Reached skill level 10 in Dodging
 31342 | Swamp:4  | Noticed the 27-headed Lernaean hydra
 31646 | Swamp:4  | Corrupted Swamp:4
 31655 | Swamp:4  | Killed the 27-headed Lernaean hydra
 31663 | Swamp:4  | Noticed a lich
 31912 | Swamp:4  | Got a decaying rune of Zot
 32645 | D:14     | Identified the cursed +0 shield of Prudence {*Corrode Str+2 Stlth+} (You found it on level 14 of the Dungeon)
 32956 | D:14     | Found a gate to the Vaults.
 33020 | D:14     | Noticed Kirke
 33053 | D:14     | Killed Kirke
 33259 | D:14     | Gained mutation: You are mostly covered in sharp spines. [demonic ancestry]
 33259 | D:14     | Reached XP level 16. HP: 125/125 MP: 22/22
 33644 | D:14     | Noticed Menkaure
 33651 | D:14     | Killed Menkaure
 33857 | D:15     | Entered Level 15 of the Dungeon
 34583 | D:15     | Found a staircase to the Depths.
 34902 | Vaults:1 | Entered Level 1 of the Vaults
 35468 | Vaults:1 | Got a steaming battleaxe
 35497 | D:14     | Identified the +6 battleaxe "Nourir" {freeze, rF+ rN+} (You found it on level 1 of the Vaults)
 35802 | Snake:1  | Entered Level 1 of the Snake Pit
 35802 | Snake:1  | Found Cuaprauti's Antique Weapon Shoppe.
 35894 | Snake:1  | Found Eptaappo's General Store.
 35905 | Snake:1  | Found Reanapn's Weapon Shoppe.
 36021 | Snake:1  | Noticed Aizul
 36038 | Snake:1  | Identified the +2 pair of gloves of Moopten {rC+ MP+9 Int+4} (You found it on level 1 of the Snake Pit)
 36059 | Snake:1  | Killed Aizul
 36147 | Snake:1  | Found Cebam's Gadget Shop.
 36285 | Snake:1  | Found Tesenwob's Armour Shoppe.
 36432 | D:12     | Bought an embroidered cloak for 367 gold pieces
 37129 | Snake:2  | Reached skill level 19 in Axes
 38092 | Snake:3  | Reached XP level 17. HP: 136/136 MP: 23/23
 38647 | Snake:4  | Entered Level 4 of the Snake Pit
 39578 | Snake:4  | Found a white marble altar of Elyvilon.
 41226 | Snake:4  | Gained mutation: You have claws for hands. [demonic ancestry]
 41226 | Snake:4  | Reached XP level 18. HP: 141/147 MP: 24/24
 41412 | Snake:4  | Got a serpentine rune of Zot
 41644 | Snake:4  | Reached skill level 20 in Axes
 41887 | Temple   | Fell from the grace of Lugonu
 41887 | Temple   | Became a worshipper of Kikubaaqudgha
 42504 | Vaults:1 | Found Bopy Faapn's Antique Armour Emporium.
 42504 | Vaults:1 | Found Feneil's Assorted Antiques.
 42512 | Vaults:1 | Bought a pair of translucent boots for 304 gold pieces
 42522 | Vaults:1 | Identified the +2 pair of boots "Seullumi" {MR++ Stlth+} (You bought it in a shop on level 1 of the Vaults)
 42646 | Vaults:1 | Reached skill level 15 in Fighting
 43223 | Vaults:1 | Reached * piety under Kikubaaqudgha
 43223 | Vaults:1 | Identified Kikubaaqudgha's Compendium of Evil (Kikubaaqudgha gifted it to you on level 1 of the Vaults)
 43223 | Vaults:1 | Received a gift from Kikubaaqudgha
 43240 | Vaults:1 | Learned a level 3 spell: Regeneration
 43301 | Vaults:1 | Found Titam's Food Boutique.
 43315 | Vaults:1 | Reached skill level 1 in Necromancy
 43332 | Vaults:1 | Reached skill level 1 in Spellcasting
 43758 | Vaults:1 | Reached ** piety under Kikubaaqudgha
 43986 | Vaults:2 | HP: 6/149 [ettin/dire flail (21)]
 43988 | Vaults:2 | Killed from afar by a sphinx

Vault maps used:
D:1:      sevenhm_arrival_forest_fort_small_4
D:2:      kennysheep_generic_room_4, uniq_terence
D:3:      chequers_ecumenical_altar_simple, grunt_ministairs_2,
          nrook_mini_backslash, uniq_jessica, uniq_robin
D:4:      first_bread, kennysheep_big_empty_room
D:5:      serial_shops, shop, nicolae_gozag_zags_fifth_avenue
D:6:      serial_shops, nicolae_shop_trees, uniq_eustachio
D:7:      grunt_livestock, minmay_holes, kennysheep_potato
D:8:      enter_bailey_3, serial_shops, kennysheep_mini,
          eino_small_chamber_without_monster, okawaru_trees_2, uniq_erica
D:9:      serial_shops, shop, makhleb_blood_cavern_becter
D:10:     david_orc_1_choice, serial_shops, nicolae_shop_waterfront
D:11:     grunt_lair_entry_orc_guard_hut, serial_co_window_serial,
          co_window_corner_a, co_window_corner_a, co_window_corner_a,
          co_window_corner_a, co_window_paths_a, co_window_paths_b,
          co_window_paths_a, co_window_cross_3, co_window_unsneaky_path_e,
          co_window_of_opportunity_b, glass_columns_c, glass_columns_a,
          glass_columns_a, glass_columns_a, glass_columns_a, uniq_sonja
D:12:     serial_shops, shop, nicolae_shop_stone, nicolae_shop_behind_doors,
          nicolae_shop_overgrown_old_shop, shop
D:13:     basic_altar, serial_shops, kennysheep_little_box,
          nicolae_trove_entry_free_sample
D:14:     ragdoll_tomb_raider, erik_vaults_1, infiniplex_staircase_pillars_2,
          uniq_kirke
D:15:     hangedman_depths_entry_civil_slaughter, minivault_24,
          kennysheep_pointless_box
Temple:   kilobyte_greek_temple
Lair:1:   dpeg_oklob_gauntlet, st_stairs_4, grunt_forest_large_clearing_hut,
          grunt_megastairs_4
Lair:2:   minmay_snake_entry_six_corridors, hibernation_bobbens
Lair:3:   swamp_mist
Lair:5:   nicolae_slime_entry_slimehenge
Lair:6:   evilmike_catoblepas_cave, basic_altar, infiniplex_staircase_pool_2
Swamp:1:  nicolae_swamp_orc_logging_accident, swamp_pool1, roderic_carrion_pond
Swamp:2:  evilmike_swamp_ruin_rubble_1
Swamp:3:  portal_ice_cave_entry_dragon, hangedman_swamp_ruin_hall, swamp_pool1
Swamp:4:  swamp_old_school, swamp_pool1
Snake:1:  serial_shops, nicolae_shop_stone, shop, shop, shop,
          nicolae_shop_waterfront, uniq_aizul
Snake:2:  nicolae_snake_serpentine_hallways
Snake:3:  nicolae_snake_shapes, lemuel_fruit_tree
Snake:4:  grunt_snake_rune_spirals, basic_altar, spider_trap, st_stairs_11
Orc:1:    nicolae_volcano_entry_vermiform, nicolae_orc_pool_cavern
Orc:2:    grunt_orc_community_town_hall, grunt_orc_community_big_house_1,
          grunt_orc_community_big_house_2, grunt_orc_community_house_1,
          grunt_orc_community_house_1, grunt_orc_community_house_2,
          grunt_orc_community_house_1, mines1_david, uniq_erolcha
Vaults:1: grunt_vaults_hallway_short, nicolae_vaults_network_square,
          grunt_vaults_trifunnel, nicolae_vaults_sealed_display,
          v_alt_pattern_2, vaults_room_fancy_cross, vaults_dpeg_ring,
          vaults_room_grunt_arrival_ludios, dpeg_vaults_monster_box, st_squares,
          nicolae_vaults_circle_grid_b, serial_ice_b, ontoclasm_vaults_gateway,
          serial_shops, shop, shop, shop
Vaults:2: vaults_room_large_hall, hangedman_vaults_restitches, st_eye,
          vaults_room_ringed_pool, v_rooms_2, v_rooms_1, v_misc_1,
          vaults_room_pool, v_misc_2, hangedman_vaults_nodes,
          nicolae_vaults_specimen_jars, hangedman_vaults_impose
Bailey:   bailey_polearm_2, bailey

Skill      XL: |  1  2  3  4  5  6  7  8  9 10 11 12 13 14 15 16 17 18 |
---------------+-------------------------------------------------------+-----
Axes           | 2 3 4 5 7 9 10 12 14 15 16 17 18 19 20 | 20.0
Fighting       | 4 5 8 10 11 13 14 15 | 15.3
Armour         | 3 4 5 9 11 12 13 14 | 14.4
Dodging        | 2 4 5 8 9 10 12 13 14 | 14.2
Invocations    | 3 6 7 9 |  9.2
Necromancy     | 4 |  4.4
Spellcasting   | 2 |  2.6

Action                   |  1- 3 |  4- 6 |  7- 9 | 10-12 | 13-15 | 16-18 || total
-------------------------+-------+-------+-------+-------+-------+-------++-------
Melee: Hand axe          |   128 |   290 |   239 |       |       |       ||   657
       War axe           |       |       |   236 |   637 |       |       ||   873
       Broad axe         |       |       |       |   214 |  1444 |   193 ||  1851
       Battleaxe         |       |       |       |       |       |   847 ||   847
 Fire: Arbalest          |       |       |    31 |       |       |       ||    31
Invok: Depart the Abyss  |     1 |       |       |       |       |       ||     1
       Banish            |       |       |       |       |     1 |       ||     1
       Corrupt           |       |       |       |       |     1 |       ||     1
Evoke: Wand              |       |       |       |     3 |     5 |     2 ||    10
       Phantom mirror    |       |       |       |       |     1 |       ||     1
  Use: Potion            |       |     5 |       |     1 |     3 |     3 ||    12
       Scroll            |       |     9 |     8 |     7 |    13 |     5 ||    42
 Stab: Distracted        |       |       |     1 |     5 |     8 |    13 ||    27
       Paralysed         |       |       |       |     2 |       |       ||     2
  Eat: Chunk             |     2 |    10 |    18 |    17 |    18 |    14 ||    79
       Beef jerky        |       |     1 |       |     3 |     6 |     1 ||    11
       Royal jelly       |       |       |       |     2 |     6 |       ||     8
       Fruit             |       |       |       |     5 |       |     6 ||    11
       Pizza             |       |       |       |       |     5 |     5 ||    10
       Bread ration      |       |       |       |       |       |     1 ||     1
Armor: Leather armour    |     5 |       |       |       |       |       ||     5
       Scale mail        |    16 |       |       |       |       |       ||    16
       Chain mail        |    34 |   134 |   213 |    58 |       |       ||   439
       Plate armour      |       |       |       |   170 |     1 |       ||   171
       Ring mail         |       |       |       |    66 |   440 |   246 ||   752
Dodge: Dodged            |    71 |   137 |   323 |   571 |  1175 |   738 ||  3015
